AoeStats
← Woyschtel

Pilgrims

510182329Analyzed
2v2 RM · 4d ago on Sep 29, 2026· 48m 33s· 4 players
Game mode
Random Map
Map size
Medium (4 player)
Population
200
Speed
Normal
Resources
Standard
Victory
Conquest
Starting age
Dark Age
Ending age
Imperial Age
RankedLock teamsTeams togetherTeam positionsShared explorationLock speedFull tech treeHidden civsTurbo modeCheats
Victory
Defeat
🇩🇪 Inca · Germany
1190
+12
🇦🇹 Spanish · Austria
1025
+18
🇧🇷 Vikings · Brazil
1110
-16
🇧🇷 Saxons · Brazil
1061
-14
Dioin
9:36 Loom
11:47 Feudal Age
13:46 Horse Collar
13:55 Fishing Lines
17:06 Castle Age
15:26 Double-Bit Axe
15:39 Fletching
17:21 Scale Mail Armor
17:32 Forging
17:22 Stone Mining
17:22 Gold Mining
18:25 Bodkin Arrow
21:45 Gillnets
24:22 Heated Shot
24:55 Ballistics
26:31 Medium Warships
27:22 Bow Saw
29:11 Wheelbarrow
30:41 Gold Shaft Mining
33:01 Hand Cart
32:49 Guard Tower
36:27 Thumb Ring
38:39 Murder Holes
40:02 Town Watch
40:53 Town Patrol
44:12 Imperial Age
41:36 Gambesons
41:51 Squires
42:12 Chain Mail Armor
42:32 Iron Casting
42:58 Iron Casting
43:04 Man-at-Arms
43:30 Arson
43:52 Long Swordsman
45:03 Two-Handed Swordsman
jonasks_simoes
6:12 Loom
10:26 Feudal Age
13:37 Fishing Lines
17:41 Castle Age
18:34 Medium Warships
18:36 Double-Bit Axe
19:28 Scale Barding Armor
18:50 Light Cavalry
20:11 Bow Saw
21:28 Gillnets
22:56 Forging
27:35 Horse Collar
29:10 Chain Barding Armor
32:52 Iron Casting
36:33 Imperial Age
35:23 Elite Skirmisher
37:50 Conscription
40:23 Cavalier
41:14 Fletching
42:03 Ballistics
41:40 Murder Holes
44:15 Bodkin Arrow
Zutn
10:38 Loom
13:03 Feudal Age
13:37 Double-Bit Axe
17:55 Castle Age
16:13 Gold Mining
16:24 Champi Runner
16:49 Arson
17:18 Forging
17:09 Scale Mail Armor
17:22 Stone Mining
18:47 Medium Warships
19:00 Champi Warrior
22:13 Careening
23:08 Clinker Construction
27:18 Town Watch
29:32 Fortified Wall
29:25 Horse Collar
30:38 Wheelbarrow
31:51 Fletching
33:34 Heavy Plow
33:47 Bow Saw
34:41 Iron Casting
34:21 Chain Mail Armor
37:23 Squires
38:20 Ballistics
38:11 Masonry
37:52 Heated Shot
41:20 Imperial Age
39:08 Bodkin Arrow
41:03 Gold Shaft Mining
41:19 Stone Shaft Mining
42:24 Conscription
42:10 Fabric Shields
42:18 Fabric Shields
42:57 Plate Mail Armor
42:23 Elite Champi Warrior
42:42 Capped Ram
44:37 Blast Furnace
43:42 Siege Ram
46:08 Bracer
46:45 Padded Archer Armor
47:47 Chemistry
48:10 Siege Engineers
47:46 Treadmill Crane
Woyschtel
12:32 Feudal Age
10:49 Loom
15:24 Wheelbarrow
16:30 Horse Collar
16:37 Double-Bit Axe
20:35 Castle Age
20:43 Padded Archer Armor
20:39 Fletching
23:33 Leather Archer Armor
23:32 Bow Saw
23:23 Heavy Plow
23:16 Gold Mining
25:15 Bloodlines
25:06 Husbandry
26:34 Bodkin Arrow
45:13 Hand Cart
48:31 Imperial Age
48:04 Town Watch
Connection lost

Rejoining the realm…

Still unreachable

The connection could not be restored.

Session expired

The server has moved on; the page needs a fresh start.